 Dungeon Crawl Stone Soup version 0.17-a0-1881-g2f5db94 (webtiles) character file.

90 parkourmaster2 the Sneak (level 4, -2/34 HPs)
             Began as a Vampire Assassin on Sept 21, 2015.
             Slain by jalala's ghost (6 damage)
             ... on level 3 of the Dungeon.
             The game lasted 00:05:35 (1875 turns).

parkourmaster2 the Sneak (Vampire Assassin)         Turns: 1875, Time: 00:05:36

Health: -2/34      AC:  5    Str: 10    XL:     4   Next: 32%
Magic:  4/4        EV: 13    Int: 13    God:
Gold:   61         SH:  0    Dex: 16    Spells: 0 memorised, 3 levels left

rFire  . . .     SeeInvis +     a - +2 dagger
rCold  . . .     Clarity  .     c - +0 robe
rNeg   + . .     SustAt   .     (no shield)
rPois  .         Gourm    .     r - +0 helmet
rElec  .         Spirit   .     d - +0 cloak
rCorr  .         Warding  .     (no gloves)
rMut   .         Stasis   .     m - +0 pair of boots
MR     +....                    (no amulet)
Stlth  ++++......               (no ring)
                                i - ring of protection from magic

@: somewhat resistant to hostile enchantments, stealthy
A: fangs 3, see invisible, unbreathing
a: Bat Form


You were on level 3 of the Dungeon.
You were not thirsty.

You visited 1 branch of the dungeon, and saw 3 of its levels.

You collected 61 gold pieces.

Inventory:

Hand weapons
 a - a +2 dagger (weapon)
 b - a +0 blowgun
 x - a +0 war axe of flaming
Missiles
 e - 19 poisoned needles
 f - 2 curare-tipped needles
Armour
 c - a +0 robe (worn)
 d - a +0 cloak (worn)
 m - a +0 pair of boots (worn)
 n - a +0 chain mail
 r - a +0 helmet (worn)
Jewellery
 i - a ring of protection from magic (left hand)
Scrolls
 k - 2 scrolls of magic mapping
 o - a scroll of enchant armour
 p - 2 scrolls of fog {unknown}
 q - a scroll of amnesia {unknown}
 t - a scroll of random uselessness {unknown}
 u - a scroll of teleportation {unknown}
Potions
 g - 15 potions of blood
 j - 2 potions of curing
 l - a potion of might
 s - a potion of agility {unknown}
 v - a potion of poison {unknown}
 w - a potion of cure mutation {unknown}


   Skills:
 + Level 2.3 Fighting
 + Level 3.1 Short Blades
 + Level 1.6 Throwing
 + Level 2.1 Dodging
 + Level 7.1 Stealth


You had 3 spell levels left.
You didn't know any spells.

Dungeon Overview and Level Annotations

Branches:
Dungeon (3/15)

Altars:

Annotations:
D:3 Jessica; jalala's ghost, average CeHu


Innate Abilities, Weirdness & Mutations

You have razor-sharp teeth.
You have supernaturally acute eyesight.
You can survive without breathing.


Message History

* * * LOW HITPOINT WARNING * * *
Found a stone staircase leading down.
Jalala's ghost shouts, "You must not succeed where I failed!"
Jalala's ghost hits you.
* * * LOW HITPOINT WARNING * * *
The giant gecko barely misses you. The giant gecko barely misses you.
Jessica hits you with a dagger.
* * * LOW HITPOINT WARNING * * *
Jalala's ghost hits you but does no damage.
Jessica hits you with a dagger.
* * * LOW HITPOINT WARNING * * *
Jessica points at you and mumbles some strange words.
You resist with some effort. Jalala's ghost misses you.
Jalala's ghost says very slowly, "There's no hope."
Jalala's ghost misses you.
Jessica gestures wildly while chanting.
Jessica blinks!
Jalala's ghost closely misses you. Jalala's ghost hits you.
You die...

+#...#..#
#...#...#
#...##.>#
#....####
####...#
##.## #l#
####W####
#...@...#
#.##.##.#
#.##..#.#####
#..^........#
#..##....##.#
#....>...##.#
##.##........
# ##.#.##.##
#.#.##.#


You could see jalala's ghost and a giant gecko.

Vanquished Creatures
  5 adders (D:2)
  2 worms (D:2)
  6 bats
  4 hobgoblins
  8 jackals (D:1)
  3 kobolds
  3 quokkas (D:2)
  2 giant cockroaches
  3 giant newts (D:1)
  4 goblins (D:2)
  3 rats
43 creatures vanquished.

Notes
Turn   | Place    | Note
--------------------------------------------------------------
     0 | D:1      | parkourmaster2 the Vampire Assassin began the quest for the Orb.
     0 | D:1      | Reached XP level 1. HP: 16/16 MP: 1/1
    19 | D:1      | Reached skill level 6 in Stealth
   314 | D:1      | Reached XP level 2. HP: 22/22 MP: 2/2
  1125 | D:2      | Reached XP level 3. HP: 27/27 MP: 3/3
  1453 | D:2      | Reached XP level 4. HP: 33/33 MP: 4/4
  1770 | D:2      | Reached skill level 7 in Stealth
  1842 | D:3      | Noticed jalala's ghost (average CeHu)
  1845 | D:3      | Noticed Jessica
  1875 | D:3      | Slain by jalala's ghost

Vault maps used:
D:1:      minmay_arrival_up_and_down
D:2:      first_bread, kennysheep_generic_room_8
D:3:      ecumenical_altar_1, grunt_ministairs_6, uniq_jessica

Action                   |  1- 3 |  4- 6 || total
-------------------------+-------+-------++-------
Melee: Dagger            |   101 |    35 ||   136
  Use: Scroll            |       |     4 ||     4
 Stab: Sleeping          |    10 |     3 ||    13
  Eat: Corpse            |     3 |     3 ||     6
